 Dungeon Crawl Stone Soup version 0.21.1-1-g345015f (webtiles) character file.

53 theblackcape the Firebug (level 3, 0/28 HPs)
             Began as a Gnoll Wanderer on June 24, 2018.
             Succumbed to an adder's poison
             ... on level 2 of the Dungeon.
             The game lasted 00:05:04 (2064 turns).

theblackcape the Firebug (Gnoll Wanderer)           Turns: 2064, Time: 00:05:04

Health: 0/28       AC:  6    Str: 14    XL:     3   Next: 89%
Magic:  7/7        EV:  6    Int: 15    God:
Gold:   61         SH: 11    Dex: 14    Spells: 6/7 levels left

rFire    . . .     SeeInvis .   h - +0 dagger
rCold    . . .     Gourm    .   j - +0 large shield
rNeg     . . .     Faith    .   k - +0 leather armour
rPois    .         Spirit   .   (no helmet)
rElec    .         Reflect  .   (no cloak)
rCorr    .         Harm     .   s - +2 pair of gloves
MR       .....                  (no boots)
Stlth    ++........             (no amulet)
HPRegen  0.09/turn              (no ring)
MPRegen  0.10/turn              (no ring)

@: lethally poisoned (0 -> -4)
A: distributed training, fangs 1, strong nose
a: no special abilities


You were on level 2 of the Dungeon.
You were not hungry.

You visited 1 branch of the dungeon, and saw 2 of its levels.

You collected 61 gold pieces.

Inventory:

Hand Weapons
 d - a +0 blowgun
 h - a +0 dagger (weapon)
Missiles
 c - 11 poisoned needles
Armour
 e - a +0 robe
 j - a +0 large shield (worn)
 k - a +0 leather armour (worn)
 s - a +2 pair of gloves (worn)
Jewellery
 r - a +2 ring of intelligence {unknown}
Scrolls
 g - 2 scrolls of identify {unknown}
 i - a scroll of noise {unknown}
 l - a scroll of random uselessness {unknown}
 m - a scroll of fear {unknown}
 n - a scroll of magic mapping {unknown}
 t - a scroll of enchant weapon {unknown}
Potions
 o - 2 potions of ambrosia {unknown}
 p - a potion of degeneration {unknown}
Books
 a - a book of Flames

   Spells                             Type                      Level
   a - Flame Tongue                   Conjuration/Fire             1
   b - Throw Flame                    Conjuration/Fire             2
   c - Conjure Flame                  Conjuration/Fire             3
   d - Inner Flame                    Hexes/Fire                   3
   e - Sticky Flame                   Conjuration/Fire             4
   f - Fireball                       Conjuration/Fire             5
 b - the Incunabulum of Stolen Souls

   Spells                             Type                      Level
   a - Animate Skeleton               Necromancy                   1
   b - Vampiric Draining              Necromancy                   3
Comestibles
 f - 6 rations
 q - a chunk of flesh


   Skills:
 + Level 2.6 Fighting
 + Level 1.0 Short Blades
 + Level 1.0 Long Blades
 + Level 1.0 Axes
 + Level 2.6 Maces & Flails
 + Level 1.0 Polearms
 + Level 1.0 Staves
 + Level 1.0 Slings
 + Level 1.0 Bows
 + Level 1.0 Crossbows
 + Level 2.6 Throwing
 + Level 2.6 Armour
 + Level 1.0 Dodging
 + Level 2.4 Stealth
 + Level 1.0 Shields
 + Level 1.0 Unarmed Combat
 + Level 2.9 Spellcasting
 + Level 0.7 Conjurations
 + Level 0.7 Hexes
 + Level 0.7 Charms
 + Level 0.7 Summonings
 + Level 0.7 Necromancy
 + Level 0.7 Translocations
 + Level 0.7 Transmutations
 + Level 7.1 Fire Magic
 + Level 0.7 Ice Magic
 + Level 0.7 Air Magic
 + Level 0.7 Earth Magic
 + Level 0.7 Poison Magic
 + Level 1.0 Invocations
 + Level 1.0 Evocations


You had 6 spell levels left.
You knew the following spells:

 Your Spells              Type           Power        Failure   Level  Hunger
a - Animate Skeleton      Necr           N/A          99%         1    #......


Dungeon Overview and Level Annotations

Branches:
Dungeon (2/15)

Altars:


Innate Abilities, Weirdness & Mutations

Your experience applies equally to all skills.
You have very sharp teeth.
Your uncanny sense of smell can sniff out nearby items.


Message History

The kobold is moderately wounded.
You block the goblin's attack. You block the kobold's attack.
The goblin hits you with a dagger.
* * * LOW HITPOINT WARNING * * *
You hit the kobold.
The kobold is severely wounded.
* * * LOW HITPOINT WARNING * * *
You feel sick. You block the kobold's attack.
The goblin hits you but does no damage. The kobold hits you but does no damage.
Your shield prevents you from hitting the kobold.
The kobold is severely wounded.
You block the goblin's attack. The kobold barely misses you.
You hit the kobold.
You kill the kobold!
* * * LOW HITPOINT WARNING * * *
You feel sick. You block the goblin's attack. You block the goblin's attack.
Things that are here:
a dagger; a scroll labeled RYARAK RUEL You die...

.# ..###.## ..#....
#...... # ###....
###.## .
####....########.....#
.##.......##.....g.#
......÷.........)##.#
................@# ∆
.##<......>......#
.................# ∆
.##..............#
#................
#.................
##................
##.....##.....##
######


You could see a goblin.

Vanquished Creatures
  2 adders (D:2)
  A dart slug (D:1)
  3 giant cockroaches (D:1)
  4 hobgoblins (D:1)
  2 jackals (D:1)
  6 bats (D:1)
  3 frilled lizards (D:1)
  5 goblins (D:1)
  3 kobolds
  2 rats (D:1)
31 creatures vanquished.

Vanquished Creatures (collateral kills)
  A jackal (D:1)
1 creature vanquished.

Grand Total: 32 creatures vanquished

Notes
Turn   | Place    | Note
-------+----------+-------------------------------------------
     0 | D:1      | theblackcape the Gnoll Wanderer began the quest for the Orb.
     0 | D:1      | theblackcape set off with: a book of Flames, the Incunabulum of Stolen Souls, 13 poisoned needles, a +0 blowgun, a +0 robe, a ration
     0 | D:1      | Reached XP level 1. HP: 17/17 MP: 4/4
     0 | D:1      | Identified the Incunabulum of Stolen Souls
     2 | D:1      | Learned a level 1 spell: Animate Skeleton
   521 | D:1      | Reached XP level 2. HP: 20/23 MP: 5/5
  1321 | D:1      | Reached XP level 3. HP: 24/28 MP: 7/7
  2015 | D:2      | Reached skill level 1 in Invocations
  2058 | D:2      | Reached skill level 1 in Short Blades
  2058 | D:2      | Reached skill level 1 in Long Blades
  2058 | D:2      | Reached skill level 1 in Axes
  2058 | D:2      | Reached skill level 1 in Polearms
  2058 | D:2      | Reached skill level 1 in Staves
  2058 | D:2      | Reached skill level 1 in Slings
  2058 | D:2      | Reached skill level 1 in Bows
  2058 | D:2      | Reached skill level 1 in Crossbows
  2058 | D:2      | Reached skill level 1 in Dodging
  2058 | D:2      | Reached skill level 1 in Shields
  2058 | D:2      | Reached skill level 1 in Unarmed Combat
  2058 | D:2      | Reached skill level 1 in Evocations
  2062 | D:2      | HP: 1/28 [poisoned by an adder]
  2064 | D:2      | Succumbed to an adder's poison

Skill      XL: |  1  2  3 |
---------------+----------+-----
Invocations    | 1 |  1.0
Short Blades   | 1 |  1.0
Long Blades    | 1 |  1.0
Axes           | 1 |  1.0
Polearms       | 1 |  1.0
Staves         | 1 |  1.0
Slings         | 1 |  1.0
Bows           | 1 |  1.0
Crossbows      | 1 |  1.0
Dodging        | 1 |  1.0
Shields        | 1 |  1.0
Unarmed Combat | 1 |  1.0
Evocations     | 1 |  1.0
Fighting       | |  2.6
Maces & Flails | |  2.6
Throwing       | |  2.6
Armour         | |  2.6
Stealth        | |  2.4
Spellcasting   | |  2.9
Conjurations   | |  0.7
Hexes          | |  0.7
Charms         | |  0.7
Summonings     | |  0.7
Necromancy     | |  0.7
Translocations | |  0.7
Transmutations | |  0.7
Fire Magic     | |  7.1
Ice Magic      | |  0.7
Air Magic      | |  0.7
Earth Magic    | |  0.7
Poison Magic   | |  0.7

Action                   || total
-------------------------++-------
Melee: Dagger            ||   169
       Blowgun           ||     7
       Bite              ||    16
 Fire: Blowgun           ||     7
 Cast: Animate Skeleton  ||     3
 Stab: Sleeping          ||     2
  Eat: Chunk             ||     4
Armor: Leather armour    ||    74
       Robe              ||     7
Dodge: Dodged            ||    61
Block: Large shield      ||    99
